 Dungeon Crawl Stone Soup version 0.30-a0-743-gbfdf073431 (webtiles) character file.

Game seed: 10302787387762706030

2704 hikkokomori the Sneak (level 9, -5/50 (52) HPs)
             Began as a Deep Elf Air Elementalist on Feb 6, 2023.
             Slain by Maggie
             ... wielding a +2 halberd of draining
              (10 damage)
             ... on level 6 of the Dungeon.
             The game lasted 00:16:18 (6954 turns).

hikkokomori the Sneak (Deep Elf Air Elementalist)   Turns: 6954, Time: 00:16:19

HP:   -5/50 (52)    AC:  5    Str:  5    XL:     9   Next: 39%
MP:   13/17         EV: 15    Int: 21    God:
Gold: 211           SH:  0    Dex: 19    Spells: 7/16 levels left

rFire   . . .      SeeInvis .    x - +2 arbalest (freeze)
rCold   . . .      Faith    .    (shield currently unavailable)
rNeg    . . .      Spirit   .    a - +0 robe
rPois   .          Reflect  .    c - +0 helmet
rElec   .          Harm     .    (no cloak)
rCorr   .          Rampage  .    r - +1 pair of gloves
Will    .....                    (no boots)
Stlth   ++++                     k - amulet of regeneration
HPRegen 1.08/turn                (no ring)
MPRegen 0.15/turn                (no ring)

@: lightly drained
A: no striking features
a: no special abilities


You were on level 6 of the Dungeon.
You visited 1 branch of the dungeon, and saw 6 of its levels.

You collected 376 gold pieces.
You spent 165 gold pieces at shops.

Inventory:

Hand Weapons
 n - a +0 falchion
 v - a +3 great sword of freezing
 w - a +0 shortbow
 x - a +2 arbalest of freezing (weapon)
Missiles
 u - a throwing net
Armour
 a - a +0 robe (worn)
 c - a +0 helmet (worn)
 r - a +1 pair of gloves (worn)
 t - a +1 leather armour of fire resistance
Jewellery
 k - an amulet of regeneration (around neck)
Wands
 b - a wand of polymorph (5)
 o - a wand of flame (4)
Scrolls
 d - a scroll of immolation
 e - 2 scrolls of blinking {unknown}
 h - a scroll of noise
 l - 3 scrolls of poison {unknown}
 m - a scroll of vulnerability {unknown}
 y - a scroll of fear {unknown}
Potions
 f - a potion of cancellation
 g - a potion of berserk rage {unknown}
 i - 3 potions of flight
 j - a potion of mutation
 p - a potion of resistance
 q - 2 potions of might
 s - 2 potions of ambrosia


   Skills:
 + Level 4.4 Fighting
 + Level 3.1 Ranged Weapons
 + Level 4.8 Dodging
 - Level 7.5 Stealth
 - Level 4.3 Spellcasting
 - Level 5.9 Conjurations
 - Level 4.8 Ice Magic
 - Level 6.1 Air Magic


You had 7 spell levels left.
You knew the following spells:

 Your Spells              Type           Power      Damage    Failure   Level
a - Shock                 Conj/Air       100%       1d9       1%          1
b - Static Discharge      Conj/Air       60%        2-5/arc   1%          2
c - Swiftness             Air            30%        N/A       2%          3
d - Ozocubu's Armour      Ice            24%        N/A       4%          3

Your spell library contained the following spells:

 Spells                   Type           Power      Damage    Failure   Level
 Airstrike                Air            15%        2d(3-19)  9%          4
 Beastly Appendage        Tmut           8%         N/A       12%         1
 Lesser Beckoning         Tloc           8%         N/A       17%         2
 Wereblood                Tmut           4%         N/A       17%         2
 Gell's Gravitas          Tloc           4%         N/A       34%         3
 Spider Form              Tmut/Pois      4%         N/A       34%         3
 Teleport Other           Tloc           4%         N/A       34%         3
 Metabolic Englaciation   Hex/Ice        7%         N/A       75%         5
 Dispersal                Tloc           2%         N/A       100%        6
 Simulacrum               Ice/Necr       7%         N/A       100%        6


Dungeon Overview and Level Annotations

Branches:
Dungeon (6/15)
 Temple: D:4-7

Altars:
Cheibriados
Dithmenos
Nemelex Xobeh
Okawaru
Uskayaw
Wu Jian
Xom

Shops:
D:3 (

Annotations:
D:6 Maggie


Message History

Aim: Maggie, wielding a +2 halberd of draining and wearing +0 steam dragon scales (moderately wounded, 62% to hit)
You shoot a bolt.
The bolt hits Maggie but does no damage.
Maggie is moderately wounded.
Maggie casts a spell at you. The bolt of fire hits you!!
Ouch! That really hurt!
Fire: x) +2 arbalest (freeze)
Press: ? - help, Shift-Dir - straight line, f/p - Maggie
Aim: Maggie, wielding a +2 halberd of draining and wearing +0 steam dragon scales (moderately wounded, 62% to hit)
You shoot a bolt.
The bolt hits Maggie but does no damage.
Maggie is moderately wounded.
Casting: Static Discharge (safe; 1% risk of failure)
Confirm with . or Enter, or press ? or * to list all spells.
The water moccasin is struck by an arc of lightning.
The water moccasin is moderately wounded.
Maggie is struck by an arc of lightning.
Maggie is moderately wounded.
The water moccasin is struck by an arc of lightning.
The water moccasin is moderately wounded.
The lightning grounds out.
The water moccasin completely misses you.
Maggie hits you from afar with a +2 halberd of draining!
You feel drained.
* * * LOW HITPOINT WARNING * * *
Casting: Static Discharge (safe; 1% risk of failure)
Confirm with . or Enter, or press ? or * to list all spells.
The water moccasin is struck by an arc of lightning.
The water moccasin is heavily wounded.
Maggie is struck by an arc of lightning!
Maggie is heavily wounded.
The water moccasin is struck by an arc of lightning!
The water moccasin is severely wounded.
You are struck by an arc of lightning.
* * * LOW HITPOINT WARNING * * *
The lightning grounds out.
The water moccasin bites you.
* * * LOW HITPOINT WARNING * * *
Maggie hits you from afar with a +2 halberd of draining!
You die...

.###.. .#.#..
...... #......
....... ##.......
##@S@..... #
#...#.....
.#####.).# ... #..
#. #.#.##.### .
#...#.##.#.##...#
#.[.#.#..#......#
...........####...#
..........# #.##
###.....#######.#


You could see Maggie and a water moccasin.

Vanquished Creatures
  Pikel (D:5)
  Prince Ribbit (D:4)
  Grinder (D:5)
  Eustachio (D:5)
  Sigmund (D:5)
  An orc warrior (D:5)
  An ogre (D:5)
  A centaur (D:5)
  A lemure (D:4)
  2 bullfrogs (D:6)
  Blork the orc (D:5)
  A gnoll sergeant (D:5)
  2 scorpions
  3 wights (D:5)
  2 howler monkeys
  3 orc priests (D:4)
  A hound (D:4)
  A jelly (D:5)
  3 iguanas
  7 orc wizards
  4 gnolls (D:5)
  9 adders
  A white imp (D:4)
  3 worms
  5 dart slugs
  23 orcs
  5 endoplasms
  4 giant cockroaches
  8 goblins
  7 hobgoblins
  7 jackals (D:3)
  2 kobolds (D:3)
  6 quokkas
  7 ball pythons
  5 bats
  4 frilled lizards
  11 rats
146 creatures vanquished.

Vanquished Creatures (others)
  An orc (D:3)
1 creature vanquished.

Grand Total: 147 creatures vanquished

Notes
Turn   | Place    | Note
-------+----------+-------------------------------------------
     0 | D:1      | hikkokomori the Deep Elf Air Elementalist began the quest
                  | for the Orb.
     0 | D:1      | Reached XP level 1. HP: 10/10 MP: 6/6
   174 | D:1      | Reached XP level 2. HP: 15/15 MP: 5/8
   246 | D:1      | Found a faded altar of an unknown god.
   740 | D:1      | Reached skill level 3 in Stealth
  1115 | D:1      | Reached XP level 3. HP: 19/19 MP: 6/9
  2198 | D:2      | Reached XP level 4. HP: 16/24 MP: 6/11
  2695 | D:3      | Reached XP level 5. HP: 28/28 MP: 10/13
  2844 | D:3      | Reached skill level 4 in Stealth
  3195 | D:3      | Found Jadgh's Antique Weapon Shop.
  3250 | D:3      | Learned a level 2 spell: Static Discharge
  3286 | D:3      | Found a shadowy altar of Dithmenos.
  3581 | D:3      | Learned a level 3 spell: Swiftness
  3585 | D:3      | Learned a level 3 spell: Ozocubu's Armour
  3733 | D:4      | Found a snail-covered altar of Cheibriados.
  4103 | D:4      | Reached XP level 6. HP: 30/33 MP: 5/14
  4105 | D:4      | Reached skill level 1 in Fighting
  4105 | D:4      | Reached skill level 1 in Ice Magic
  4419 | D:4      | Found an iron altar of Okawaru.
  4426 | D:4      | Found a sparkling altar of Nemelex Xobeh.
  4431 | D:4      | Found a hide-covered altar of Uskayaw.
  4733 | D:5      | Entered Level 5 of the Dungeon
  4807 | D:5      | Reached skill level 5 in Stealth
  4914 | D:5      | Reached XP level 7. HP: 38/39 MP: 7/15
  5225 | D:5      | Noticed Prince Ribbit
  5228 | D:5      | Noticed Blork the orc
  5242 | D:4      | HP: 1/40 [Prince Ribbit (16)]
  5353 | D:4      | Killed Prince Ribbit
  5464 | D:5      | Killed Blork the orc
  5465 | D:5      | Reached skill level 5 in Air Magic
  5584 | D:5      | Reached skill level 6 in Stealth
  5594 | D:5      | Reached XP level 8. HP: 34/45 MP: 6/16
  5732 | D:5      | Noticed Pikel
  5734 | D:5      | Noticed Grinder
  5746 | D:5      | Killed Pikel
  5747 | D:5      | Reached skill level 5 in Conjurations
  5747 | D:5      | Killed Grinder
  5748 | D:5      | Reached skill level 7 in Stealth
  5978 | D:5      | Identified the +1 chain mail of Gatirch {rC+ Stlth+}
  5979 | D:5      | Found an ornate altar of the Wu Jian Council.
  6064 | D:5      | Noticed Eustachio
  6078 | D:5      | Killed Eustachio
  6079 | D:5      | Reached XP level 9. HP: 38/52 MP: 0/17
  6218 | D:5      | Found a shimmering altar of Xom.
  6306 | D:5      | Noticed Sigmund
  6446 | D:3      | Bought a runed arbalest for 165 gold pieces
  6622 | D:5      | Reached skill level 1 in Ranged Weapons
  6623 | D:5      | Killed Sigmund
  6946 | D:6      | Noticed Maggie
  6954 | D:6      | Slain by Maggie

Illustrated notes

Levels and vault maps discovered:
D:1:      heliophobic_arrival_battle_scene, layout_loops_ring, serial_forest,
          infiniplex_forest_pool, infiniplex_forest_lined_room_2,
          infiniplex_forest_corner_1, infiniplex_forest_lined_ring,
          infiniplex_forest_straight_2, infiniplex_forest_straight_2,
          infiniplex_forest_fountain, infiniplex_forest_end_double,
          ebering_ecumenical_altar_box, minmay_door_square,
          minmay_rat_gold_closets
D:2:      layout_basic, minmay_distorted
D:3:      layout_loops_cross, mainiacjoe_overflow_alcove_2, serial_shops,
          nicolae_shop_trees, kennysheep_cluttered_room,
          kennysheep_cross_bottleneck
D:4:      layout_rooms, mainiacjoe_overflow_alcove_1,
          minmay_overflow_temple_star_quad, nicolae_kite_square_tiling_tiny,
          lemuel_flame_loot_1
D:5:      minmay_chambers_of_fours, layout_cave_pools, amcnicky_altar_gilded,
          kennysheep_mini, uniq_grinder, uniq_sigmund, uniq_blork_the_orc,
          uniq_eustachio, uniq_pikel, uniq_prince_ribbit1
D:6:      layout_loops_ring, kennysheep_orc_sif_temple, uniq_maggie,
          uniq_crazy_yiuf_cottage, uniq_duvessa

Skill      XL: |  1  2  3  4  5  6  7  8  9 |
---------------+----------------------------+-----
Stealth        | 3 4 5 6 7 |  7.5
Dodging        | 3 4 |  4.8
Conjurations   | 2 3 4 5 |  5.9
Spellcasting   | 4 |  4.3
Air Magic      | 4 5 6 |  6.1
Fighting       | 1 2 3 4 |  4.4
Ice Magic      | 2 3 4 |  4.8
Ranged Weapons | 3 |  3.1

Action                     |  1- 3 |  4- 6 |  7- 9 || total
---------------------------+-------+-------+-------++-------
  Melee: Falchion          |       |    16 |    62 ||    78
         Punch             |       |     1 |     1 ||     2
         Great sword       |       |       |    23 ||    23
   Fire: Arbalest          |       |       |     3 ||     3
   Cast: Shock             |    79 |   159 |   117 ||   355
         Static Discharge  |       |     2 |    19 ||    21
         Ozocubu's Armour  |       |       |     4 ||     4
         Swiftness         |       |       |     1 ||     1
    Use: Potion            |       |     2 |     2 ||     4
         Scroll            |       |     7 |     1 ||     8
   Stab: Sleeping          |       |     2 |     1 ||     3
 Armour: Robe              |     2 |    14 |    52 ||    68
         Skin              |       |       |     7 ||     7
  Dodge: Dodged            |     6 |    59 |    95 ||   160

Table legend: (Time is in decaauts)
 A = Elapsed time spent in this place.
 B = Non-inter-level travel time spent in this place.
 C = Inter-level travel time spent in this place.
 D = Time resting spent in this place.
 E = Time spent auto-exploring this place.
 F = Levels seen in this place.
 G = Mean time per level.
                   A        B        C        D        E       F      G
               +--------+--------+--------+--------+--------+-----+--------+
         Total |   7005 |   6710 |    295 |    448 |   5246 |   6 | 1167.5 |
       Dungeon |   7005 |   6710 |    295 |    448 |   5246 |   6 | 1167.5 |
               +--------+--------+--------+--------+--------+-----+--------+

Top non-repeatable levels by time:
     D:4: 1766 daAuts
     D:1: 1397 daAuts
     D:5: 1317 daAuts
     D:3: 1220 daAuts
     D:2: 1120 daAuts
     D:6: 183 daAuts
